 Dungeon Crawl Stone Soup version 0.23.2-40-g277498a001 (webtiles) character file.

Game seed: 5615394710280994173

189 Descartes the Skirmisher (level 6, -2/49 HPs)
             Began as a Formicid Abyssal Knight on Sept 24, 2019.
             Was a Follower of Lugonu.
             Slain by an ogre
             ... wielding a +0 giant club
              (22 damage)
             ... on level 3 of the Dungeon.
             The game lasted 00:07:24 (2877 turns).

Descartes the Skirmisher (Formicid Abyssal Knight)  Turns: 2877, Time: 00:07:24

Health: -2/49      AC: 10    Str: 23    XL:     6   Next: 0%
Magic:  8/8        EV:  6    Int: 12    God:    Lugonu [*.....]
Gold:   124        SH:  8    Dex: 10    Spells: 5/5 levels left

rFire    . . .     SeeInvis +   a - +1 hand axe
rCold    . . .     Gourm    .   y - +0 shield
rNeg     . . .     Faith    .   l - +0 chain mail
rPois    .         Spirit   .   (helmet unavailable)
rElec    .         Reflect  .   m - +0 cloak
rCorr    .         Harm     .   (no gloves)
MR       .....                  (no boots)
Stlth    ..........             t - amulet of regeneration
HPRegen  0.56/turn              x - +5 ring of strength
MPRegen  0.11/turn              (no ring)

@: no status effects
A: permanent stasis, dig shafts and tunnels, four strong arms, antennae 3
a: Dig, Shaft Self, Depart the Abyss, Renounce Religion


You were on level 3 of the Dungeon.
You worshipped Lugonu.
Lugonu was aware of your devotion.
You were hungry.

You visited 1 branch of the dungeon, and saw 4 of its levels.
You visited the Abyss 1 time.

You collected 124 gold pieces.

Inventory:

Hand Weapons
 a - a +1 hand axe (weapon)
 j - a +0 dagger of draining
 q - a +2 whip of holy wrath
Missiles
 d - 17 sling bullets
 h - 154 stones (quivered)
 n - a throwing net
Armour
 l - a +0 chain mail (worn)
 m - a +0 cloak (worn)
 y - a +0 shield (worn)
Jewellery
 t - an amulet of regeneration (around neck)
 x - a +5 ring of strength (left hand)
Scrolls
 b - 2 scrolls of enchant armour {unknown}
 e - 3 scrolls of remove curse {unknown}
 f - 4 scrolls of teleportation {unknown}
 i - a scroll of blinking {unknown}
 r - 2 scrolls of amnesia {unknown}
 s - a scroll of immolation {unknown}
 w - a scroll of identify {unknown}
 z - a scroll of fog {unknown}
 B - a scroll of fear {unknown}
Potions
 g - 5 potions of curing {unknown}
 k - a potion of ambrosia {unknown}
 o - a potion of degeneration {unknown}
 p - a potion of flight {unknown}
 u - a potion of berserk rage {unknown}
 v - a potion of haste {unknown}
 C - a potion of might {unknown}
Comestibles
 c - 4 rations


   Skills:
 + Level 4.3 Fighting
 + Level 2.9 Axes
 + Level 3.2 Armour
 + Level 2.1 Dodging
 * Level 0.9 Shields
 + Level 3.4 Invocations


You had 5 spell levels left.
You didn't know any spells.
Your spell library was empty.

Dungeon Overview and Level Annotations

Branches:
Dungeon (4/15)
 Temple: D:4-7

Altars:


Innate Abilities, Weirdness & Mutations

You cannot be hasted, slowed, berserked, paralysed or teleported.
You can dig through walls and to a lower floor.
Your four strong arms can wield two-handed weapons with a shield.
You have a pair of large antennae on your head. (SInv)


Message History

You hit the ogre.
The ogre is heavily wounded.
The ogre hits you with a +0 giant club!!
You are too injured to fight recklessly!
You are too injured to fight recklessly!
You closely miss the ogre.
The ogre is heavily wounded.
The ogre completely misses you.
You hit the ogre.
The ogre is severely wounded.
The ogre hits you with a +0 giant club.
You hit the ogre.
The ogre is severely wounded.
You barely miss the ogre.
The ogre is severely wounded.
The ogre barely misses you.
Your shield and chain mail prevent you from hitting the ogre.
The ogre is severely wounded.
The ogre hits you with a +0 giant club!!
You die...

#.#.# #.#....# #.#.#
#.###..# #.#.# #.#
#..# #.#.# #.# #..#
#.#.#####.# #..#
#.........###..#
###............#
################.####
................@O..#
#####################


You could see an ogre.

Vanquished Creatures
  Natasha (thrice) (D:2)
  An orc wizard (D:3)
  3 adders
  2 oozes
  5 orcs (D:3)
  A giant cockroach (D:1)
  12 goblins
  6 hobgoblins
  3 quokkas
  5 bats (D:1)
  2 frilled lizards
  3 kobolds
  A leopard gecko skeleton (D:4)
  6 rats
53 creatures vanquished.

Notes
Turn   | Place    | Note
-------+----------+-------------------------------------------
     0 | Abyss:1  | Descartes the Formicid Abyssal Knight began the quest for
                  | the Orb.
     0 | Abyss:1  | Reached XP level 1. HP: 18/18 MP: 2/2
   214 | Abyss:1  | Noticed a white draconian monk
   226 | Abyss:1  | Noticed a small abomination
   238 | Abyss:1  | Noticed a merfolk
   247 | Abyss:1  | Noticed a mana viper
   248 | D:1      | Escaped the Abyss
   255 | D:1      | Reached XP level 2. HP: 11/24 MP: 1/3
   442 | D:1      | Reached skill level 1 in Dodging
   469 | D:1      | Reached * piety under Lugonu
   866 | D:1      | Reached XP level 3. HP: 30/30 MP: 4/4
  1194 | D:2      | Noticed Natasha
  1203 | D:2      | Killed Natasha
  1203 | D:2      | Reached XP level 4. HP: 30/37 MP: 4/6
  1344 | D:2      | Noticed Natasha
  1357 | D:2      | Killed Natasha
  1357 | D:2      | Reached skill level 4 in Fighting
  1483 | D:2      | Noticed Natasha
  1494 | D:2      | Killed Natasha
  1494 | D:2      | Reached XP level 5. HP: 28/42 MP: 7/7
  2668 | D:3      | Reached XP level 6. HP: 42/49 MP: 8/8
  2849 | D:4      | Noticed a phantom
  2853 | D:4      | Noticed an ogre
  2859 | D:4      | Noticed an ogre
  2877 | D:3      | Slain by an ogre

Skill      XL: |  1  2  3  4  5 |
---------------+----------------+-----
Dodging        | 1 2 |  2.1
Fighting       | 4 |  4.3
Invocations    | 3 |  3.4
Armour         | 3 |  3.2
Axes           | |  2.9
Shields        | |  0.9

Action                   |  1- 3 |  4- 6 || total
-------------------------+-------+-------++-------
Melee: Hand axe          |    70 |   144 ||   214
Invok: Depart the Abyss  |     1 |       ||     1
 Abil: Dig               |     2 |     1 ||     3
  Eat: Chunk             |     1 |     5 ||     6
Armor: Leather armour    |     5 |       ||     5
       Chain mail        |    46 |    84 ||   130
Dodge: Dodged            |    34 |    41 ||    75
Block: Shield            |       |    14 ||    14
